 Dungeon Crawl Stone Soup version 0.19.4-12-gccf7e64 (webtiles) character file.

134870 babuloseo the Fighter (level 17, -3/137 HPs)
             Began as a Human Monk on Feb 26, 2017.
             Was a High Priest of Dithmenos.
             Killed from afar by a deep elf mage (19 damage)
             ... with a bolt of cold
             ... on level 1 of the Elven Halls on Feb 27, 2017.
             The game lasted 01:17:31 (27171 turns).

babuloseo the Fighter (Human Monk)                 Turns: 27171, Time: 01:17:32

Health: -3/137     AC: 14    Str: 11 (12) XL:     17   Next: 76%
Magic:  26/26      EV: 24    Int: 12      God:    Dithmenos [*****.]
Gold:   1613       SH:  9    Dex: 24 (25) Spells: 1 memorised, 22 levels left

rFire  + . .     SeeInvis .     k - +9 dagger (elec)
rCold  . . .     Gourm    .     G - +4 troll leather armour
rNeg   . . .     Faith    .     p - +0 buckler
rPois  .         Spirit   .     T - +0 helmet
rElec  .         Reflect  +     t - +1 cloak
rCorr  .         Harm     .     C - +0 pair of gloves
MR     +++..                    (no boots)
Stlth  ++++++++++               P - +3 amulet of reflection
                                v - ring of protection from magic
                                L - +4 ring of dexterity

@: lethally poisoned (-3 -> -31), wreathed by umbra, studying Stealth
A: slimy green scales 1, thin metallic scales 1, camouflage 1, blurry vision 1,
deformed body, deterioration 1, fire resistance 1, magic resistance 1
a: Shadow Step, Shadow Form, Renounce Religion


You were on level 1 of the Elven Halls.
You worshipped Dithmenos.
Dithmenos was extremely pleased with you.
You were not hungry.

You visited 5 branches of the dungeon, and saw 27 of its levels.
You also visited: Sewer, Ossuary and Volcano.

You collected 2797 gold pieces.
You spent 1184 gold pieces at shops.

Inventory:

Hand Weapons
 k - a +9 dagger of electrocution (weapon)
 O - a +5 scimitar of holy wrath
 R - a +1 quick blade of flaming
Missiles
 j - 3 throwing nets (quivered)
Armour
 p - a +0 buckler (worn)
 t - a +1 cloak (worn)
 y - a +3 leather armour of fire resistance
 C - a +0 pair of gloves (worn)
 G - a +4 troll leather armour (worn)
 T - a +0 helmet (worn)
 Z - +0 storm dragon scales
Jewellery
 s - an uncursed ring of protection from fire
 v - a ring of protection from magic (right hand)
 F - an uncursed amulet of the gourmand
 L - a +4 ring of dexterity (left hand)
 M - an uncursed ring of protection from fire
 P - a +3 amulet of reflection (around neck)
 Y - a +3 ring of evasion
Wands
 d - a wand of iceblast (5/15)
 o - a wand of confusion (19/48)
 w - a wand of lightning (8/15)
 B - a wand of heal wounds (3/9)
 E - a wand of slowing (30/48)
 N - a wand of heal wounds (5/9)
 Q - a wand of digging (15/24)
Scrolls
 b - a scroll of enchant armour
 e - 15 scrolls of remove curse
 h - 2 scrolls of fear
 l - 4 scrolls of identify
 n - 11 scrolls of teleportation
 q - a scroll of blinking
 H - a scroll of enchant weapon
Potions
 f - 6 potions of cancellation
 g - 3 potions of haste
 i - 8 potions of brilliance
 m - 3 potions of curing
 r - 2 potions of agility
 u - a potion of ambrosia
 z - 4 potions of flight
 I - 7 potions of heal wounds
 K - 2 potions of resistance
 W - a potion of berserk rage
 X - 2 potions of might
Books
 a - a manual of Stealth
 J - a book of Party Tricks

   Spells                             Type                      Level
   a - Summon Butterflies             Summoning                    1
   b - Apportation                    Translocation                1
   c - Lesser Beckoning               Translocation                3
   d - Tukima's Dance                 Hexes                        3
   e - Alistair's Intoxication        Transmutation/Poison         5
   f - Invisibility                   Hexes                        6
Miscellaneous
 U - a phantom mirror
Comestibles
 c - 6 bread rations
 x - 8 meat rations
 A - 53 fruits
 D - a slice of pizza
 S - 4 beef jerkies
 V - 18 royal jellies


   Skills:
 + Level 13.4 Fighting
 - Level 13.0(14.7) Short Blades
 * Level 12.2(14.4) Long Blades
 + Level 13.3 Dodging
 + Level 12.5 Stealth
 - Level 3.2 Shields
 + Level 3.8 Spellcasting
 - Level 12.8 Invocations


You had 22 spell levels left.
You knew the following spells:

 Your Spells              Type           Power        Failure   Level  Hunger
a - Apportation           Tloc           #.........   38%         1    #......


Dungeon Overview and Level Annotations

Branches:
Dungeon (15/15)            Temple (0/1) D:4            Lair (6/6) D:9
  Swamp (0/4) Lair:4       Spider (0/4) Lair:2        Slime (0/5) Lair:5
    Orc (2/2) D:11            Elf (3/3) Orc:2        Vaults (0/5) D:13
 Depths (1/5) D:15

Altars:
Ashenzari
Dithmenos
Elyvilon
Fedhas
Hepliaklqana
Makhleb
Okawaru
Qazlal
Ru
Sif Muna
Trog
Vehumet
Xom
Zin
The Shining One

Shops:
Orc:2 (*!*   Elf:2 ?

Portals:
Hell: Lair:6


Innate Abilities, Weirdness & Mutations

You are partially covered in slimy green scales. (AC +2)
You are partially covered in thin metallic scales. (AC +2)
Your skin changes colour to match your surroundings (Stealth+).
Scrolls take you a little longer to read.
Armour fits poorly on your strangely shaped body.
Your body sometimes deteriorates upon taking damage.
Your flesh is heat resistant. (rF+)
You are resistant to hostile enchantments. (MR+)


Message History

The deep elf mage hits you but does no damage.
The ice beast hits you.
* * * LOW HITPOINT WARNING * * *
The ice beast freezes you!
* * * LOW HITPOINT WARNING * * *
You hit the deep elf mage but do no damage.
The deep elf mage is heavily wounded.
* * * LOW HITPOINT WARNING * * *
You feel very sick.
The deep elf mage mumbles some strange words.
The deep elf mage blinks!
The earth elemental hits you but does no damage.
You puncture the deep elf mage!
The deep elf mage is severely wounded.
* * * LOW HITPOINT WARNING * * *
You feel sick.
The halberd of venom closely misses you.
The deep elf mage points at you and mumbles some strange words.
The bolt of cold hits you!
You die...

###### ###### #.....
...... #.... ......
#.... ......
#.e.########## #####
#...'.@e..E...
......
#...#.YE.e...ยง
......
#...#(.#########
.#+###
#...#..#.......#
#....
#.$.#..#.......#
#....
#...#..#..###..#
#..##
#...#..#..#.#..#..#.
#.
#...#..#..#.#..#..#
#. #...#
#..#.#..#..# #.


You could see a deep elf archer, 2 earth elementals, 2 deep elf magi, an ice
beast and a halberd of venom.

Vanquished Creatures
  Kirke (Elf:1)
  2 stone giants (Depths:1)
  Nessos (Orc:2)
  Azrael (D:15)
  A deep elf demonologist (Elf:1)
  A dire elephant (Lair:6)
  4 deep elf annihilators (Elf:1)
  A deep elf death mage (Elf:1)
  Snorg (Lair:3)
  3 fire dragons
  9 hydras
  Erolcha (D:10)
  An ice dragon (D:15)
  Harold (Lair:1)
  A death knight (D:14)
  5 centaur warriors
  Erica (D:10)
  The ghost of SylarSrden the Cleaver, a journeyman DsFi of Makhleb (D:11)
  An ogre mage (D:13)
  An anaconda (Lair:6)
  7 dancing weapons
  3 death yaks
  A hell hog (Volcano)
  4 orc high priests
  The ghost of Wextippler the Destroyer, a novice DsCj of Sif Muna (D:10)
  A sun demon (Lair:6)
  7 deep elf knights
  Sonja (Lair:4)
  The ghost of SylarSrden the Cleaver, a novice DsBe of Trog (D:8)
  2 unseen horrors
  7 deep elf archers
  2 wizards
  A phantasmal warrior (D:14)
  A wolf spider zombie (D:14)
  An orc sorcerer (Orc:1)
  8 hill giants
  9 ugly things
  29 deep elf magi
  2 manticores
  3 cyclopes
  8 elephants
  A smoke demon (Lair:6)
  2 molten gargoyles (Volcano)
  A torpor snail (Lair:3)
  7 black mambas
  14 spiny frogs
  A spiny frog (shapeshifter) (D:14)
  3 orange demons (Lair:6)
  2 komodo dragons
  2 rime drakes
  A kobold demonologist (D:13)
  2 ice devils (Lair:6)
  A freezing wraith (D:14)
  A hellwing (Lair:6)
  2 red devils (Lair:6)
  2 hornets
  7 trolls
  2 queen bees
  4 two-headed ogres
  5 polar bears
  A wolf spider simulacrum (D:14)
  13 hippogriffs
  18 blink frogs
  The ghost of Wextippler the Firebug, an amateur DsFE (D:5)
  A slime creature (D:14)
  A meliai zombie (D:13)
  Sigmund (D:2)
  2 wraiths (D:14)
  2 centaur simulacra
  A redback (Lair:2)
  2 shadows
  7 fire elementals
  A hog (Elf:1)
  6 wyverns
  4 fire bats (Volcano)
  42 yaks
  5 basilisks
  3 hungry ghosts
  3 vampire mosquitoes (D:14)
  5 large abominations (D:15)
  A soldier ant (D:14)
  2 swamp worms (Lair:4)
  Edmund (D:4)
  A mottled dragon (D:14)
  7 small abominations (D:15)
  Duvessa (D:6)
  9 hell hounds
  5 porcupines
  14 water moccasins
  2 eyes of draining
  10 ice beasts
  3 sky beasts
  3 black bears
  21 orc warriors
  3 necrophages
  5 boggarts
  A hornet zombie (D:9)
  6 ogres
  5 phantoms
  11 centaurs
  13 crocodiles
  2 big kobolds
  18 bullfrogs
  A wyvern zombie (D:6)
  2 earth elementals (Elf:1)
  2 wyvern skeletons
  3 scorpions
  A water moccasin skeleton (D:4)
  Dowan (D:6)
  47 killer bees
  5 howler monkeys
  4 electric eels
  9 crimson imps
  4 lava snakes (Volcano)
  2 bullfrog zombies
  A centaur zombie (D:5)
  28 orc wizards
  5 centaur skeletons
  39 orc priests
  3 bullfrog skeletons
  9 hounds
  11 jellies
  Crazy Yiuf (D:2)
  5 iguanas
  Ijyb (D:2)
  11 worker ants
  A killer bee zombie (D:6)
  8 mummies (Ossuary)
  A howler monkey skeleton (D:8)
  2 river rats (Sewer)
  7 adders
  2 shadow imps
  9 oozes (D:14)
  2 adder zombies
  2 worms (D:3)
  A dart slug (D:3)
  7 leopard geckos
  57 orcs
  5 ball pythons
  7 bats
  8 giant cockroaches
  8 goblins
  8 hobgoblins
  5 jackals
  15 kobolds
  6 quokkas
  8 frilled lizards
  2 goblin zombies (D:4)
  2 hobgoblin zombies (Ossuary)
  3 kobold zombies (Ossuary)
  3 orc zombies (Ossuary)
  4 quokka skeletons
  2 quokka zombies (D:6)
  13 rats
853 creatures vanquished.

Vanquished Creatures (others)
  A deep elf archer (Elf:1)
  A centaur (D:14)
  An orc priest (Orc:2)
  An orc wizard (Orc:2)
  An orc (D:12)
  A kobold (D:13)
  12 fungi
  2 plants
20 creatures vanquished.

Grand Total: 873 creatures vanquished

Notes
Turn   | Place    | Note
-------+----------+-------------------------------------------
     0 | D:1      | babuloseo the Human Monk began the quest for the Orb.
     0 | D:1      | Reached XP level 1. HP: 18/18 MP: 1/1
   208 | D:1      | Reached XP level 2. HP: 24/24 MP: 2/2
   338 | D:1      | Found a shattered altar of Ashenzari.
   501 | D:1      | Reached XP level 3. HP: 28/29 MP: 3/3
   865 | D:2      | Found a faded altar of an unknown god.
   883 | D:2      | Became a worshipper of Dithmenos the Shadowed
   883 | D:2      | Reached * piety under Dithmenos
   883 | D:2      | Reached ** piety under Dithmenos
   980 | D:2      | Reached skill level 1 in Short Blades
  1260 | D:2      | Reached *** piety under Dithmenos
  1302 | D:2      | Reached XP level 4. HP: 36/36 MP: 4/4
  1449 | D:2      | Found a shimmering altar of Xom.
  1450 | D:2      | Noticed Sigmund
  1451 | D:2      | Found a shimmering altar of Xom.
  1451 | D:2      | Found a burning altar of Makhleb.
  1453 | D:2      | Found a burning altar of Makhleb.
  1453 | D:2      | Found a radiant altar of Vehumet.
  1453 | D:2      | Found a sacrificial altar of Ru.
  1464 | D:2      | Killed Sigmund
  1464 | D:2      | Reached XP level 5. HP: 42/42 MP: 5/5
  1464 | D:2      | Reached XP level 6. HP: 48/48 MP: 6/6
  1616 | D:2      | Found a runed door.
  1621 | D:2      | Noticed Crazy Yiuf
  1630 | D:2      | Noticed Ijyb
  1637 | D:2      | Killed Ijyb
  2018 | D:2      | Killed Crazy Yiuf
  2256 | D:3      | Reached XP level 7. HP: 51/55 MP: 7/7
  2263 | D:3      | Reached skill level 1 in Invocations
  2558 | D:3      | Reached **** piety under Dithmenos
  2580 | D:3      | Found a glowing drain.
  2650 | Sewer    | Entered a sewer
  3182 | D:3      | Found a hazy altar of Hepliaklqana.
  3483 | D:4      | Found a staircase to the Ecumenical Temple.
  3526 | D:4      | Noticed Edmund
  3532 | D:4      | Killed Edmund
  3532 | D:4      | Reached skill level 5 in Short Blades
  3639 | D:4      | Reached skill level 1 in Shields
  3639 | D:4      | Reached XP level 8. HP: 39/61 MP: 9/9
  3876 | D:4      | Found a sand-covered staircase.
  3918 | Ossuary  | Entered an ossuary
  3961 | Ossuary  | Reached skill level 5 in Fighting
  4309 | D:5      | Entered Level 5 of the Dungeon
  4368 | D:5      | Found a deep blue altar of Sif Muna.
  4372 | D:5      | Reached ***** piety under Dithmenos
  4381 | D:5      | Found a blossoming altar of Fedhas.
  4385 | D:5      | Noticed Wextippler's ghost (amateur DsFE)
  4403 | D:5      | Killed Wextippler's ghost
  4403 | D:5      | Reached skill level 5 in Dodging
  4945 | D:5      | Reached XP level 9. HP: 68/68 MP: 11/11
  5198 | D:6      | Found a bloodstained altar of Trog.
  5233 | D:6      | Found a glowing golden altar of the Shining One.
  5399 | D:6      | Noticed Duvessa
  5401 | D:6      | Noticed Dowan
  5430 | D:6      | Killed Dowan
  5432 | D:6      | Killed Duvessa
  5638 | D:6      | Found a stormy altar of Qazlal.
  5687 | D:6      | Found a white marble altar of Elyvilon.
  6003 | D:6      | Found an iron altar of Okawaru.
  6149 | D:9      | Noticed a hippogriff
  6161 | D:10     | Entered Level 10 of the Dungeon
  6161 | D:10     | Noticed a hill giant
  6163 | D:10     | Killed a hill giant
  6235 | D:8      | Reached XP level 10. HP: 76/76 MP: 13/13
  6467 | D:7      | Found a sacrificial altar of Ru.
  6621 | D:7      | Reached skill level 5 in Stealth
  7096 | D:7      | Reached skill level 5 in Invocations
  7437 | D:8      | Noticed SylarSrden's ghost (novice DsBe)
  7509 | D:8      | Found a glowing silver altar of Zin.
  7872 | D:9      | Noticed Erica
  7911 | D:10     | Noticed Erolcha
  7923 | D:10     | Killed Erolcha
  8047 | D:10     | Noticed a hill giant
  8049 | D:10     | Killed a hill giant
  8166 | D:10     | Noticed a hill giant
  8170 | D:10     | Killed a hill giant
  8170 | D:10     | Reached XP level 11. HP: 84/84 MP: 10/15
  8241 | D:10     | Paralysed by a hornet for 3 turns
  8261 | D:10     | Noticed Wextippler's ghost (novice DsCj)
  8480 | D:10     | Killed Wextippler's ghost
  8793 | D:11     | Noticed a six-headed hydra
  8817 | D:11     | Killed a six-headed hydra
  8817 | D:11     | Reached skill level 10 in Short Blades
  8960 | D:11     | Found a staircase to the Orcish Mines.
  8966 | D:11     | Found a stormy altar of Qazlal.
  9000 | D:11     | Noticed SylarSrden's ghost (journeyman DsFi)
  9017 | D:11     | Reached XP level 12. HP: 94/94 MP: 16/18
  9222 | D:10     | Killed Erica
  9366 | D:9      | Noticed a death yak
  9841 | D:9      | Found a runed door.
  9926 | D:9      | Found a staircase to the Lair.
 10077 | Lair:1   | Entered Level 1 of the Lair of Beasts
 10267 | D:9      | You fall through a shaft for 3 floors!
 10564 | D:11     | Reached XP level 13. HP: 101/101 MP: 19/19
 10734 | D:11     | Gained mutation: You are partially covered in slimy green scales. (AC +2) [mutagenic meat]
 10735 | D:11     | Gained mutation: You are frail. (-10% HP) [mutagenic meat]
 11084 | D:11     | Killed SylarSrden's ghost
 11970 | D:12     | Gained mutation: Your flesh is heat resistant. (rF+) [potion of beneficial mutation]
 12391 | D:13     | Noticed a centaur warrior
 12394 | D:13     | Killed a centaur warrior
 12491 | D:13     | Noticed a six-headed hydra
 12516 | D:13     | Killed a six-headed hydra
 12516 | D:13     | Reached skill level 10 in Stealth
 12574 | D:13     | Reached skill level 10 in Fighting
 12574 | D:13     | Reached XP level 14. HP: 99/99 MP: 16/21
 12596 | D:13     | Gained mutation: Scrolls take you a little longer to read. [mutagenic meat]
 12597 | D:13     | Gained mutation: You possess an exceptional clarity of mind. [mutagenic meat]
 12598 | D:13     | Gained mutation: Your mind is acute. (Int +2) [mutagenic meat]
 12656 | D:13     | Reached skill level 10 in Dodging
 12669 | D:13     | Found a gate to the Vaults.
 13171 | D:14     | Reached skill level 10 in Invocations
 13206 | D:14     | Gained mutation: Your spells are a little harder to cast, but a little more powerful. [mutagenic meat]
 13207 | D:14     | Lost mutation: Your spells are a little harder to cast, but a little more powerful. [mutagenic meat]
 13208 | D:14     | Gained mutation: You are clumsy. (Dex -2) [mutagenic meat]
 13989 | D:14     | Found a blossoming altar of Fedhas.
 14118 | D:14     | Reached skill level 5 in Long Blades
 14188 | D:14     | Gained mutation: You are resistant to hostile enchantments. (MR+) [mutagenic meat]
 14189 | D:14     | Gained mutation: Your skin changes colour to match your surroundings (Stealth+). [mutagenic meat]
 14190 | D:14     | Lost mutation: Your mind is acute. (Int +2) [mutagenic meat]
 14191 | D:14     | Lost mutation: You are clumsy. (Dex -2) [mutagenic meat]
 14192 | D:14     | Gained mutation: Scrolls take you longer to read. [mutagenic meat]
 14263 | D:15     | Entered Level 15 of the Dungeon
 14765 | D:15     | Noticed Azrael
 14784 | D:15     | Killed Azrael
 14784 | D:15     | Reached XP level 15. HP: 106/106 MP: 23/23
 15441 | D:15     | Found a staircase to the Depths.
 15475 | Depths:1 | Entered Level 1 of the Depths
 15475 | Depths:1 | Noticed a stone giant
 15477 | Depths:1 | Killed a stone giant
 15702 | Depths:1 | Noticed a stone giant
 15715 | Depths:1 | Killed a stone giant
 15920 | Orc:1    | Entered Level 1 of the Orcish Mines
 16337 | Orc:2    | Entered Level 2 of the Orcish Mines
 16337 | Orc:2    | Found a staircase to the Elven Halls.
 17160 | Orc:2    | Noticed Nessos
 17180 | Orc:2    | Killed Nessos
 17215 | Orc:2    | Found Goyng's Distillery.
 17215 | Orc:2    | Found Foixor's Assorted Antiques.
 17216 | Orc:2    | Found Apifariz's Assorted Antiques.
 17234 | Orc:2    | Found Puzuz's Weapon Boutique.
 18000 | Orc:2    | Bought a knobbly coral ring for 155 gold pieces
 18004 | Orc:2    | Bought a scratched ivory ring for 155 gold pieces
 18009 | Orc:2    | Bought a potion of mutation for 32 gold pieces
 18009 | Orc:2    | Lost mutation: You possess an exceptional clarity of mind. [potion of mutation]
 18009 | Orc:2    | Gained mutation: Your body sometimes deteriorates upon taking damage. [potion of mutation]
 18010 | Orc:2    | Bought a potion of beneficial mutation for 455 gold pieces
 18010 | Orc:2    | Gained mutation: You are partially covered in thin metallic scales. (AC +2) [potion of beneficial mutation]
 18013 | Orc:2    | Bought a scroll of remove curse for 93 gold pieces
 18013 | Orc:2    | Bought a scroll of enchant armour for 232 gold pieces
 18017 | Orc:2    | Bought a scroll of identify for 62 gold pieces
 18120 | Elf:1    | Entered Level 1 of the Elven Halls
 18511 | Lair:1   | Noticed Harold
 18519 | Lair:1   | Killed Harold
 19144 | Lair:2   | Found a dark tunnel.
 19215 | Volcano  | Entered a volcano
 19427 | Volcano  | Found a burning altar of Makhleb.
 19681 | Lair:2   | Found a hole to the Spider Nest.
 20496 | Lair:3   | Reached ****** piety under Dithmenos
 20518 | Lair:3   | Reached XP level 16. HP: 73/114 MP: 25/25
 20671 | Lair:3   | Learned a level 1 spell: Apportation
 20891 | Lair:3   | Noticed Snorg
 20900 | Lair:3   | Killed Snorg
 20918 | Lair:3   | Lost mutation: You are frail. (-10% HP) [potion of mutation]
 20918 | Lair:3   | Lost mutation: Scrolls take you longer to read. [potion of mutation]
 21455 | Lair:4   | Noticed Sonja
 21458 | Lair:4   | Killed Sonja
 22018 | Lair:6   | Entered Level 6 of the Lair of Beasts
 22563 | Lair:5   | Found a staircase to the Slime Pits.
 23174 | Lair:6   | Reached skill level 10 in Long Blades
 23692 | Lair:6   | Found a burning altar of Makhleb.
 23693 | Lair:6   | Found a gateway to Hell.
 24363 | Lair:6   | Upgraded the game from 0.19.4-10-g532645f to 0.19.4-12-gccf7e64
 24486 | D:8      | Killed SylarSrden's ghost
 25238 | Elf:1    | Reached XP level 17. HP: 135/135 MP: 26/26
 25264 | Elf:1    | Reached skill level 1 in Spellcasting
 25781 | Elf:1    | Gained mutation: Armour fits poorly on your strangely shaped body. [a neqoxec]
 25990 | Elf:2    | Found Ocutyune's Magic Scroll Shoppe.
 26070 | Elf:3    | Entered Level 3 of the Elven Halls
 26792 | Elf:1    | Noticed Kirke
 26811 | Elf:1    | Killed Kirke
 27171 | Elf:1    | Killed from afar by a deep elf mage

Skill      XL: |  1  2  3  4  5  6  7  8  9 10 11 12 13 14 15 16 17 |
---------------+----------------------------------------------------+-----
Short Blades   | 1 3 4 5 6 7 9 11 13 | 13.0
Fighting       | 4 5 6 7 8 9 10 11 12 13 | 13.4
Dodging        | 4 5 6 7 8 9 11 12 13 | 13.3
Invocations    | 2 3 4 6 8 9 11 12 | 12.8
Shields        | 1 2 3 |  3.2
Stealth        | 3 4 6 8 10 11 12 | 12.5
Long Blades    | 5 8 11 12 | 12.2
Spellcasting   | 3 |  3.8

Action                   |  1- 3 |  4- 6 |  7- 9 | 10-12 | 13-15 | 16-18 || total
-------------------------+-------+-------+-------+-------+-------+-------++-------
Melee: Falchion          |    42 |       |       |       |       |       ||    42
       Dagger            |    46 |    68 |   318 |   415 |  1485 |   900 ||  3232
Invok: Shadow Step       |       |       |     1 |     4 |    11 |     6 ||    22
       Shadow Form       |       |       |       |       |     4 |     2 ||     6
Evoke: Wand              |       |       |       |     1 |     3 |       ||     4
  Use: Scroll            |     2 |     7 |    10 |     5 |    17 |     6 ||    47
       Potion            |       |     5 |     4 |     7 |    12 |     1 ||    29
 Stab: Sleeping          |       |     4 |    27 |    18 |    81 |    81 ||   211
       Distracted        |       |       |       |     4 |    11 |     5 ||    20
       Invisible         |       |       |       |     1 |    30 |    16 ||    47
  Eat: Chunk             |     1 |     4 |     3 |     6 |    23 |    11 ||    48
       Meat ration       |       |       |     1 |     1 |     1 |       ||     3
       Bread ration      |       |       |     1 |       |     3 |     1 ||     5
       Fruit             |       |       |       |     1 |     5 |     1 ||     7
       Pizza             |       |       |       |     1 |     1 |     2 ||     4
       Beef jerky        |       |       |       |     1 |       |       ||     1
       Royal jelly       |       |       |       |       |     1 |     1 ||     2
Armor: Robe              |     8 |     2 |    13 |     9 |       |       ||    32
       Scale mail        |    21 |     6 |       |       |       |       ||    27
       Leather armour    |       |       |    14 |       |     2 |       ||    16
       Troll leather arm |       |       |       |    21 |   131 |    59 ||   211
Dodge: Dodged            |    64 |    40 |   140 |   172 |   769 |   508 ||  1693
Block: Buckler           |       |       |    28 |    58 |   400 |   219 ||   705
       Reflection        |       |       |       |       |    17 |     4 ||    21
       Rpst.: Falchion   |    11 |       |       |       |       |       ||    11
